 Dungeon Crawl Stone Soup version 0.17-a0-1945-gfe993df (webtiles) character file.

79 Ordine the Magician (level 4, -2/24 HPs)
             Began as a Gargoyle Wizard on Oct 1, 2015.
             Slain by Robin
             ... wielding a +0 falchion
              (4 damage)
             ... on level 2 of the Dungeon.
             The game lasted 00:09:09 (1911 turns).

Ordine the Magician (Gargoyle Wizard)               Turns: 1911, Time: 00:09:09

Health: -2/24      AC:  5    Str: 16    XL:     4   Next: 37%
Magic:  1/9        EV: 11    Int: 19    God:
Gold:   126        SH:  0    Dex:  8    Spells: 4 memorised, 2 levels left

rFire  . . .     SeeInvis .     l - -1 short sword (curse)
rCold  . . .     Clarity  .     a - +0 robe
rNeg   + + .     SustAt   .     (no shield)
rPois  ∞         Gourm    .     b - +0 hat
rElec  +         Spirit   .     (no cloak)
rCorr  .         Warding  .     (no gloves)
rMut   .         Stasis   .     (no boots)
MR     .....                    (no amulet)
Stlth  ++........               (no ring)
                                k - ring of positive energy

@: mighty, very slightly contaminated, not resistant to hostile enchantments,
unstealthy
A: negative energy resistance 1, electricity resistance, unbreathing,
petrification resistance, rot immunity, AC +3
a: no special abilities


You were on level 2 of the Dungeon.
You were not hungry.

You visited 1 branch of the dungeon, and saw 2 of its levels.

You collected 126 gold pieces.

Inventory:

Hand weapons
 h - a +0 dagger
 l - a cursed -1 short sword (weapon)
Armour
 a - a +0 robe (worn)
 b - a +0 hat (worn)
Jewellery
 k - a ring of positive energy (left hand)
Potions
 e - a potion of brilliance
Books
 c - a book of Minor Magic

   Spells                             Type                      Level
   a - Magic Dart                     Conjuration                  1
   b - Blink                          Translocation                2
   c - Call Imp                       Summoning                    2
   d - Repel Missiles                 Charms/Air                   2
   e - Slow                           Hexes                        2
   f - Conjure Flame                  Conjuration/Fire             3
   g - Mephitic Cloud                 Conjuration/Poison/Air       3
Comestibles
 d - 2 bread rations
 f - 2 chunks of flesh
 n - a slice of pizza


   Skills:
 - Level 1.5 Dodging
 - Level 2.1 Stealth
 + Level 3.7 Spellcasting
 * Level 3.5 Conjurations
   Level 0.8 Summonings
 - Level 0.8 Translocations


You had 2 spell levels left.
You knew the following spells:

 Your Spells              Type           Power        Failure   Level  Hunger
a - Magic Dart            Conj           ###.         4%          1    None
b - Blink                 Tloc           N/A          17%         2    ##.....
c - Conjure Flame         Conj/Fire      ##......     21%         3    ###....
d - Repel Missiles        Chrm/Air       #.....       24%         2    ##.....


Dungeon Overview and Level Annotations

Branches:
Dungeon (2/15)

Altars:
Qazlal

Annotations:
D:1 1 runed door
D:2 Robin


Innate Abilities, Weirdness & Mutations

You are resistant to torment.
Your stone body is resilient (AC +3).
You are immune to poison.
You resist negative energy.
You are resistant to electric shocks.
You can survive without breathing.
You are immune to petrification.
You are immune to rotting.


Message History

The goblin barely misses you. The hobgoblin closely misses you.
Casting: Magic Dart
Confirm with . or Enter, or press ? or * to list all spells.
Aiming: Magic Dart
Press: ? - help, Shift-Dir - straight line, f/p - goblin
Aim: a goblin (severely wounded, consumed by blood-lust)
The magic dart hits the goblin.
You kill the goblin!
Robin barely misses you. The hobgoblin barely misses you.
Things that are here:
a goblin corpse x2
Casting: Magic Dart
Confirm with . or Enter, or press ? or * to list all spells.
Aiming: Magic Dart
Press: ? - help, Shift-Dir - straight line, f - Robin
Aim: Robin, wielding a falchion, wearing an animal skin, wearing a helmet and carrying a wand of confusion {empty} (lightly wounded)
The magic dart hits Robin.
Robin is heavily wounded.
Robin hits you with a falchion.
You die...

#.# ######..##.........##.......
##.###...[..###....###..÷.....>..
...#............##.....##........
.###..........###..###..#....(...
.# #..........###.###....^.......
.# #..........##..##.[#..........
## #...........rgg...####........
# #..........##g##### #........
####..........##@# ##.......
..####.......###.# #.......
#....##....### #.# #......#
####...÷...#####.# #......#
###>.<.)##.......# ########
....############## #####


You could see Robin, a quokka and 2 hobgoblins.

Vanquished Creatures
  An adder (D:2)
  An ooze (D:1)
  3 worms (D:2)
  4 giant geckos (D:1)
  A ball python (D:2)
  20 goblins
  6 hobgoblins
  4 bats
  2 giant newts
  7 kobolds
  5 rats
54 creatures vanquished.

Notes
Turn   | Place    | Note
--------------------------------------------------------------
     0 | D:1      | Ordine the Gargoyle Wizard began the quest for the Orb.
     0 | D:1      | Reached XP level 1. HP: 10/10 MP: 4/4
     2 | D:1      | Found a runed door.
   305 | D:1      | Reached XP level 2. HP: 12/15 MP: 0/6
   309 | D:1      | Learned a level 2 spell: Blink
   654 | D:1      | Reached XP level 3. HP: 3/19 MP: 0/7
   749 | D:1      | Learned a level 3 spell: Conjure Flame
   752 | D:1      | Learned a level 2 spell: Repel Missiles
  1531 | D:2      | Reached XP level 4. HP: 24/24 MP: 2/9
  1557 | D:2      | Found a stormy altar of Qazlal.
  1831 | D:2      | Noticed Robin
  1911 | D:2      | Slain by Robin

Vault maps used:
D:1:      dpeg_arrival_caged_fury
D:2:      grunt_qazlal_clouds, first_bread, uniq_robin

Action                   |  1- 3 |  4- 6 || total
-------------------------+-------+-------++-------
Melee: Unarmed           |     9 |       ||     9
       Dagger            |    24 |       ||    24
       Short sword       |       |    36 ||    36
 Cast: Magic Dart        |    82 |    31 ||   113
  Use: Scroll            |     2 |     1 ||     3
       Potion            |       |     4 ||     4
  Eat: Chunk             |     2 |     1 ||     3
